 BcadrenCrawl: Boulder Brew version 0.06.7.3-20-gf43d639004 (webtiles) character file.

Game seed: 4517407761263838553

236 LLlMATKO the Chopper (level 5, 0/103 HPs) Minotaur Berserker. Began on Oct 21, 2023. Was a Believer of Trog. Splashed by a jelly's acid (2 damage) ... on level 2 of the Dungeon. The game lasted 00:01:24 (1058 turns).

LLlMATKO the Chopper (Minotaur Berserker)           Turns: 1058, Time: 00:01:24

Health: 0/103      AC: -9    Str: 33    XL:     5 ^: 42
Magic:  4/4        EV: 13    Int:  4    God:    Trog [2* [57]]
Gold:   42         SH:  0    Dex:  9    Spells: 4/4 levels left

rFire    . . .     Slash    x   a - +0 hatchet
rCold    . . .     Pierce   .     - Unarmed
rNeg     . . .     Bludgeon .   b - +0 animal skin
rCorr    . . .     Vision   .   (helmet restricted)
rPois    .         Rnd*Rage +   (no cloak)
rElec    .                      (no gloves)
MR       .....                  (no boots)
HPRegen  0.44/turn              (no amulet)
MPRegen  0.14/turn              g - ring of strength
Stlth    ..........             (no ring)

@: berserking, corroded, slow
A: horns, retaliatory headbutt 2, soft flesh
a: Renounce Religion, Berserk, Trog's Hand


You were on level 2 of the Dungeon.
You worshipped Trog.
Trog was pleased with you.
You were not hungry.

You visited 1 branch of the dungeon, and saw 2 of its levels.

You collected 42 gold pieces.

Inventory:

Weapons
 a - a +0 hatchet (weapon)
Armour
 b - a +0 animal skin (worn)
Jewellery
 g - a ring of strength (left hand)
 i - a cursed ring of poison resistance {(Curse: *Corrode)}
Scrolls
 e - a scroll of fear
 j - a scroll of summoning
Potions
 d - a potion of heal wounds
 h - a potion of might
Comestibles
 c - 3 rations


   Skills:
 + Level 5.4 Fighting
 + Level 5.7 Axes & Hammers
 + Level 2.8 Armour
 + Level 3.1 Dodging
 + Level 1.6 Unarmed Combat


You had 4 spell levels left.
You didn't know any spells.
Your spell library was empty.

Dungeon Overview and Level Annotations

Branches:
Dungeon (2/8)

Altars:


Innate Abilities, Weirdness & Mutations

You reflexively attack those that strike you in melee with your horns.
Your soft flesh is weak to deep cuts.
Heavy manmade armour will nullify this weakness. (rSlashing-)
You frequently lose your temper in combat.
This godly rage surpasses even clarity. (*Rage)


Message History

Unknown command.
The acid corrodes you!
Your hands burn (4).
* * * LOW HITPOINT WARNING * * *
You hit the jelly (2).
It resists.
You hit the jelly (1).
It is struck brutally!
Your headbutt misses the jelly.
The jelly is lightly wounded. (15/18) HP You hear a slurping noise.
The jelly barely misses you. The acid corrodes you!
Your hands burn (2).
* * * LOW HITPOINT WARNING * * *
You hit the jelly (1).
It resists.
You hit the jelly (3).
It is struck brutally!
The jelly is lightly wounded. (43/47) HP The jelly hits you (3).
* * * LOW HITPOINT WARNING * * *
The acid corrodes you!
You are splashed with acid (8)!
* * * LOW HITPOINT WARNING * * *
Your hands burn (2).
You die...

#≈.## ## #..≈.
≈### #..####≈.≈#
#...≈.....#
##...<≈#
#...#### ##...#
####≈..######..
..≈≈≈≈.†@†..≈≈..
≈≈≈≈≈≈≈≈J†.≈P≈≈≈
.≈≈≈≈≈≈..≈..≈P≈≈
.≈≈≈≈≈≈.≈≈≈..≈≈≈
..≈≈≈≈≈.≈≈≈≈.≈≈≈
≈.≈≈≈≈..≈≈≈≈≈..≈
≈...≈..≈≈≈≈≈≈≈..
≈.≈≈≈.≈≈≈≈≈≈≈≈≈


You could see a jelly.

Vanquished Creatures
  7 giant cockroaches (D:1)
  8 sewer rats (D:2)
  5 cinder newts (D:1)
  2 leopard geckos (D:1)
  6 goblins (D:1)
  4 hobgoblins (D:1)
  4 bats (D:1)
  2 kobolds (D:1)
  2 rats (D:1)
  2 plants (D:1)
42 creatures vanquished.

Vanquished Creatures (others)
  A giant cockroach (D:2)
  A plant (D:1)
  3 withered plants (D:2)
5 creatures vanquished.

Grand Total: 47 creatures vanquished

Notes
Turn   | Place    | Note
-------+----------+-------------------------------------------
     0 | D:1      | LLlMATKO the Minotaur Berserker began the quest for the
                  | Orb.
     0 | D:1      | Reached XP level 1. HP: 29/29 MP: 0/0
    21 | D:1      | Reached XP level 2. HP: 39/39 MP: 1/1
   183 | D:1      | Reached XP level 3. HP: 38/49 MP: 2/2
   512 | D:1      | Reached XP level 4. HP: 54/59 MP: 3/3
   578 | D:1      | Reached skill level 5 in Axes & Hammers
   622 | D:1      | Reached ** piety under Trog
   625 | D:1      | Reached skill level 1 in Unarmed Combat
   625 | D:1      | Reached XP level 5. HP: 58/69 MP: 4/4
   703 | D:1      | Reached skill level 5 in Fighting
  1057 | D:2      | HP: 2/103 [acid (8)]
  1058 | D:2      | Splashed by a jelly's acid

Illustrated notes

Levels and vault maps discovered:
D:1:      minmay_arrival_stone_box, layout_cave_pools, serial_bayou_lagoon_b,
          portal_sewer_entry_f
D:2:      layout_sewer, gammafunk_temple_overflow_statue, minmay_misc_feat_rows,
          uniq_purgy

Skill      XL: |  1  2  3  4  5 |
---------------+----------------+-----
Fighting       | 4 5 |  5.4
Axes & Hammers | 4 5 |  5.7
Unarmed Combat | 1 |  1.6
Dodging        | 3 |  3.1
Armour         | |  2.8

Action                   |  1- 3 |  4- 6 || total
-------------------------+-------+-------++-------
Melee: Hatchet           |    22 |    38 ||    60
       Unarmed           |    15 |    24 ||    39
       Headbutt          |     3 |     4 ||     7
Invok: Berserk           |       |     1 ||     1
  Use: Scroll            |     1 |       ||     1
  Eat: Chunk             |       |     1 ||     1
Armor: Animal skin       |     6 |     6 ||    12
Dodge: Dodged            |     6 |     7 ||    13
